 Dungeon Crawl Stone Soup version 0.30-a0-760-g5a9884bb7c (webtiles) character file.

Game seed: 11560628360901200616

432918 GuildmasterMusic the Shatterer (level 22, -11/236 HPs)
             Began as a Minotaur Fighter on Feb 10, 2023.
             Was the Champion of Okawaru.
             Mangled by a rockslime (34 damage)
             ... created by the Royal Jelly
             ... on level 5 of the Pits of Slime on Feb 11, 2023.
             The game lasted 01:47:14 (36753 turns).

GuildmasterMusic the Shatterer (Minotaur Fighter)  Turns: 36753, Time: 01:47:14

Health: -11/236    AC: 25    Str: 43    XL:     22   Next: 55%
Magic:  19/24      EV: 13    Int:  7    God:    Okawaru [******]
Gold:   8014       SH: 33    Dex: 12    Spells: 21/21 levels left

rFire   . . .      SeeInvis .    m - +10 morningstar "Ogreslayer" {speed, rElec rN+ Str+2}
rCold   . . .      Faith    .    A - +5 tower shield
rNeg    + . .      Spirit   .    Z - +15 Maxwell's patent armour {-Cast -Tele rElec Will+ rCorr}
rPois   +          Reflect  +    o - +2 hat {Will+}
rElec   +          Harm     .    W - +1 cloak "Fytikhlat" {Will+ Str+3}
rCorr   +          Rampage  .    O - +0 pair of gloves of Tuitz {rPois rCorr Str+2}
Will    ++++.      NoTele   +    K - +1 pair of boots of Okawaru's Castigation {-Tele Regen+ rCorr Str+2} Stlth NoCast +
                                 h - amulet "Nunaim" {Reflect rPois Str+2 SH+5}
HPRegen 1.39/turn                X - +4 ring of slaying
MPRegen 0.19/turn                J - +6 ring of strength

@: mighty, corroded, studying 3 skills
A: horns 2, retaliatory headbutt, deformed body, low MP 1, robust 1, weak 1, no
potion heal 1
}: 3/15 runes: decaying, serpentine, silver
a: Renounce Religion, Heroism, Finesse, Duel


You were on level 5 of the Pits of Slime.
You worshipped Okawaru.
Okawaru was exalted by your worship.
You visited 9 branches of the dungeon, and saw 44 of its levels.
You visited the Abyss 1 time.

You collected 8336 gold pieces.
You spent 322 gold pieces at shops.

Inventory:

Hand Weapons
 m - the +10 morningstar "Ogreslayer" (weapon) {speed, rElec rN+ Str+2}
   (You found it on level 3 of the Dungeon)

   Str:       It affects your strength (+2).
   rElec:     It insulates you from electricity.
   rN:        It protects you from negative energy.
 R - the +6 great mace "Gihon" {heavy, Will+}
   (You acquired it on level 4 of the Lair of Beasts)

   Will:      It increases your willpower.
 Y - the +12 broad axe "Coawocurch" {holy, *Corrode Will+ Dex+3}
   (You found it on level 5 of the Lair of Beasts)

   Dex:       It affects your dexterity (+3).
   *Corrode:  It may corrode you when you take damage.
   Will:      It increases your willpower.
Missiles
 w - 25 boomerangs (quivered)
 T - 18 javelins
Armour
 o - a +2 hat of willpower (worn)
 A - a +5 tower shield (worn)
 B - a +0 tower shield of protection
 E - +0 gold dragon scales
 K - the +1 pair of boots of Okawaru's Castigation (worn) {-Tele Regen+ rCorr Str+2}
   (Okawaru gifted it to you on level 10 of the Dungeon)

   Str:       It affects your strength (+2).
   -Tele:     It prevents most forms of teleportation.
   Regen:     It increases your rate of health regeneration.
   rCorr:     It protects you from acid and corrosion.
 O - the +0 pair of gloves of Tuitz (worn) {rPois rCorr Str+2}
   (Okawaru gifted it to you on level 2 of the Lair of Beasts)

   Str:       It affects your strength (+2).
   rPois:     It protects you from poison.
   rCorr:     It protects you from acid and corrosion.
 P - the +3 pair of boots "Geawnuix" {rPois rCorr SInv}
   (Okawaru gifted it to you on level 3 of the Lair of Beasts)

   rPois:     It protects you from poison.
   SInv:      It lets you see invisible.
   rCorr:     It protects you from acid and corrosion.
 W - the +1 cloak "Fytikhlat" (worn) {Will+ Str+3}
   (You bought it in a shop on level 2 of the Orcish Mines)

   Str:       It affects your strength (+3).
   Will:      It increases your willpower.
 Z - the +15 Maxwell's patent armour (worn) {-Cast -Tele rElec Will+ rCorr}
   (Okawaru gifted it to you on level 1 of the Swamp)

   rElec:     It insulates you from electricity.
   -Cast:     It prevents spellcasting.
   -Tele:     It prevents most forms of teleportation.
   rCorr:     It protects you from acid and corrosion.
   Will:      It increases your willpower.
Jewellery
 h - the amulet "Nunaim" (around neck) {Reflect rPois Str+2 SH+5}
   (You took it off a vault guard on level 5 of the Vaults)

   [amulet of reflection]

   It reflects blocked missile attacks.
   Str:       It affects your strength (+2).
   rPois:     It protects you from poison.
   SH:        It affects your SH (+5).
 J - a +6 ring of strength (right hand)
 X - a +4 ring of slaying (left hand)
Wands
 t - a wand of paralysis (40)
 u - a wand of polymorph (8)
 I - a wand of roots (45)
 Q - a wand of digging (14)
 U - a wand of quicksilver (2)
 V - a wand of flame (9)
Scrolls
 c - 5 scrolls of blinking
 g - 4 scrolls of fear
 k - 4 scrolls of poison
 l - 18 scrolls of teleportation
 n - a scroll of enchant armour
 q - 13 scrolls of magic mapping
 r - 10 scrolls of brand weapon
 y - 7 scrolls of enchant weapon
 H - 29 scrolls of identify
 L - a scroll of silence
 S - 5 scrolls of fog
Potions
 b - 12 potions of mutation
 d - 13 potions of flight
 e - 8 potions of lignification
 f - 10 potions of ambrosia
 j - 12 potions of attraction
 s - a potion of might
 v - 2 potions of haste
 x - 6 potions of berserk rage
 z - 9 potions of cancellation
 C - a potion of invisibility
 D - 4 potions of resistance
 G - 3 potions of brilliance
Miscellaneous
 i - a condenser vane
 F - a lightning rod (4/4)
 M - a phial of floods
 N - a condenser vane


   Skills:
 + Level 22.2 Fighting
 - Level 8.0(18.9) Axes
 - Level 26.0(26.4) Maces & Flails
 + Level 6.5 Throwing
 + Level 24.3 Armour
 + Level 9.8 Dodging
 + Level 24.2 Shields
 + Level 9.1 Invocations


You had 21 spell levels left.
You didn't know any spells.
Your spell library contained the following spells:

 Spells                   Type           Power      Damage    Failure   Level
 Apportation              Tloc           0%         N/A       82%         1
 Foxfire                  Conj/Fire      0%         2x1d4     82%         1
 Kiss of Death            Conj/Necr      0%         2d5       82%         1
 Necrotise                Necr           0%         1d4       82%         1
 Sandblast                Erth           0%         2d4       82%         1
 Shock                    Conj/Air       0%         1d3       82%         1
 Blink                    Tloc           0%         N/A       91%         2
 Ensorcelled Hibernation  Hex/Ice        0%         N/A       91%         2
 Lesser Beckoning         Tloc           0%         N/A       91%         2
 Passwall                 Tmut/Erth      0%         N/A       91%         2
 Searing Ray              Conj           0%         2d4       91%         2
 Static Discharge         Conj/Air       0%         2-2/arc   91%         2
 Confusing Touch          Hex            0%         N/A       99%         3
 Dazzling Flash           Conj/Hex       0%         N/A       99%         3
 Frozen Ramparts          Ice            0%         1d1       99%         3
 Gell's Gravitas          Tloc           0%         N/A       99%         3
 Ignite Poison            Fire/Tmut/Pois 0%         N/A       99%         3
 Inner Flame              Hex/Fire       0%         N/A       99%         3
 Kindle Blastsparks       Fire/Tloc/Air  0%         2d10      99%         3
 Portal Projectile        Hex/Tloc       0%         N/A       99%         3
 Spider Form              Tmut/Pois      0%         N/A       99%         3
 Stone Arrow              Conj/Erth      0%         3d7       99%         3
 Swiftness                Air            0%         N/A       99%         3
 Teleport Other           Tloc           0%         N/A       99%         3
 Vhi's Electric Charge    Tloc/Air       0%         N/A       99%         3
 Airstrike                Air            0%         2d(0-16)  100%        4
 Cause Fear               Hex            0%         N/A       100%        4
 Dispel Undead            Necr           0%         3d6       100%        4
 Ice Form                 Ice/Tmut       0%         N/A       100%        4
 Iskenderun's Mystic Bla  Conj/Tloc      0%         2d3       100%        4
 Leda's Liquefaction      Hex/Erth       0%         N/A       100%        4
 Manifold Assault         Tloc           0%         N/A       100%        4
 Passage of Golubria      Tloc           0%         N/A       100%        4
 Petrify                  Tmut/Erth      0%         N/A       100%        4
 Sticky Flame             Conj/Fire      0%         2d3       100%        4
 Arcjolt                  Conj/Air       0%         1d10      100%        5
 Blade Hands              Tmut           0%         N/A       100%        5
 Fireball                 Conj/Fire      0%         3d3       100%        5
 Freezing Cloud           Conj/Ice/Air   0%         6-21      100%        5
 Irradiate                Conj/Tmut      0%         3d11      100%        5
 Lee's Rapid Deconstruct  Erth           0%         3d4*      100%        5
 Lightning Bolt           Conj/Air       0%         1d11      100%        5
 Metabolic Englaciation   Hex/Ice        0%         N/A       100%        5
 Yara's Violent Unravell  Hex/Tmut       0%         3d3       100%        5
 Dispersal                Tloc           0%         N/A       100%        6
 Eringya's Noxious Bog    Tmut/Pois      0%         N/A       100%        6
 Starburst                Conj/Fire      0%         6d3       100%        6
 Statue Form              Tmut/Erth      0%         N/A       100%        6
 Dragon Form              Tmut           0%         N/A       100%        7
 Storm Form               Tmut/Air       0%         N/A       100%        7
 Discord                  Hex            0%         N/A       100%        8
 Ignition                 Fire           0%         3d3       100%        8
 Maxwell's Capacitive Co  Air            0%         ∞         100%        8
 Polar Vortex             Ice            0%         N/A       100%        9
 Summon Small Mammal      Summ           Unusable   N/A       N/A         1
 Tukima's Dance           Hex            Unusable   N/A       N/A         3
 Summon Ice Beast         Ice/Summ       Unusable   N/A       N/A         4
 Summon Lightning Spire   Summ/Air       Unusable   N/A       N/A         4
 Simulacrum               Ice/Necr       Unusable   N/A       N/A         6

Dungeon Overview and Level Annotations

Branches:
Dungeon (15/15)            Temple (1/1) D:4            Lair (5/5) D:8
  Swamp (4/4) Lair:3        Snake (4/4) Lair:2        Slime (5/5) Lair:4
    Orc (2/2) D:11            Elf (3/3) Orc:2        Vaults (5/5) D:14
  Crypt (0/3) Vaults:2     Depths (0/4) D:15

Altars:
Ashenzari
Cheibriados
Dithmenos
Elyvilon
Fedhas
Gozag
Hepliaklqana
Kikubaaqudgha
Makhleb
Nemelex Xobeh
Okawaru
Qazlal
Ru
Sif Muna
Trog
Uskayaw
Vehumet
Wu Jian
Xom
Yredelemnul
Zin
The Shining One

Shops:
D:1 (*(   Orc:2 ==[?   Elf:1 ?   Snake:4 ((   Vaults:3 [

Annotations:
D:8 3 runed translucent doors
Vaults:4 2 transporters, exclusion: obsidian statue


Innate Abilities, Weirdness & Mutations

You have a pair of horns on your head.
You reflexively headbutt those who attack you in melee.
Armour fits poorly on your strangely shaped body.
Your magical capacity is low. (-10% MP)
You are robust. (+10% HP)
You are weak. (Str -2)
Potions are less effective at restoring your health.


Message History

You block the azure jelly's attack.
The azure jelly hits you but does no damage.
You block the azure jelly's attack.
The azure jelly hits you but does no damage.
You closely miss the azure jelly.
You headbutt the azure jelly, but do no damage.
The azure jelly is severely wounded.
You block the azure jelly's attack. x2
The azure jelly hits you but does no damage.
You block the azure jelly's attack.
You barely miss the azure jelly. You headbutt the azure jelly!!
The azure jelly is almost dead.
The azure jelly hits you but does no damage.
You block the azure jelly's attack. The azure jelly misses you.
The azure jelly hits you!
* * * LOW HITPOINT WARNING * * *
You hit the azure jelly.
You kill the azure jelly!
That felt strangely unrewarding.
You barely miss the rockslime. You block the azure jelly's attack. x2
The azure jelly barely misses you. You block the azure jelly's attack.
You bludgeon the azure jelly!!
The azure jelly is moderately wounded.
You block the rockslime's attack.
You impale the azure jelly!!
The azure jelly is severely wounded.
The azure jelly hits you but does no damage.
You block the azure jelly's attack. x3
You impale the azure jelly!!
You kill the azure jelly!
That felt strangely unrewarding.
You block the rockslime's attack.
Found five items.
The acid blob spits acid at you. The splash of acid hits you. You resist.
* * * LOW HITPOINT WARNING * * *
The acid corrodes you!
You bludgeon the rockslime!!
The rockslime is moderately wounded.
The rockslime hits you!!
You die...

# ................ ..
............... ...
#.............. ....
#.............. ...:.
#J.............
......####JJ............
.......@J#.J............
.......#.JJ.J...........
......####JJ............
...|.[ #JJ............
....? #J.............
...![ #..............
..## #............... #.
#................
.................


You could see 2 acid blobs, an azure jelly, 2 rockslimes and 2 quicksilver
oozes.

Vanquished Creatures
  the Royal Jelly (Slime:5)
  Dissolution (Slime:2)
  Mara (Swamp:3)
  Bai Suzhen (Swamp:3)
  2 golden dragons (Vaults:5)
  The ghost of Beavis the Devastator, an adept DsFE of Vehumet (Vaults:3)
  Nikola (Snake:2)
  A tentacled monstrosity (Vaults:4)
  Mlioglotl (Lair:3)
  2 deep elf blademasters (Elf:3)
  3 deep elf master archers (Elf:3)
  Asterion (Snake:2)
  8 acid blobs (Slime:5)
  4 titans (Vaults:5)
  A quicksilver dragon (Vaults:4)
  A sphinx (Vaults:1)
  Frances (Swamp:2)
  4 tengu reavers
  2 thorn hunters
  Gastronok (Orc:1)
  5 azure jellies (Slime:5)
  A shadow dragon (Vaults:5)
  8 nagarajas
  2 rockslimes (Slime:5)
  Roxanne (Swamp:3)
  3 storm dragons (Vaults:5)
  11 deep elf sorcerers
  A fire giant (Vaults:5)
  2 frost giants
  9 vault wardens
  Louise (Swamp:1)
  An iron dragon (Vaults:5)
  An orc warlord (Vaults:3)
  17 ironbound preservers
  Aizul (Snake:4)
  3 deep elf elementalists (Elf:3)
  A juggernaut skeleton (D:15)
  12 very ugly things
  5 quicksilver oozes
  7 ironbound thunderhulks
  3 war gargoyles (Vaults:5)
  4 stone giants (Vaults:5)
  Nessos (Orc:2)
  7 deep elf annihilators
  3 eleionomae
  4 dire elephants (Vaults:1)
  A bunyip (Swamp:1)
  An ettin (Vaults:5)
  8 deep elf death magi
  2 crystal guardians (Vaults:4)
  An ettin (shapeshifter) (Vaults:5)
  A fire dragon (D:15)
  6 great orbs of eyes
  2 entropy weavers
  6 deep elf high priests
  Fannar (Orc:1)
  14 yaktaur captains
  A rakshasa (Vaults:3)
  4 shambling mangroves
  32 vault guards
  An ice dragon (D:15)
  6 ogre magi
  2 salamander tyrants
  Harold (Orc:1)
  26 hydras
  A peacekeeper (Vaults:4)
  A hydra (shapeshifter) (Vaults:5)
  11 anacondas
  8 ironbound frosthearts
  13 centaur warriors
  3 catoblepae (Lair:5)
  11 two-headed ogres
  7 alligators
  3 boulder beetles
  29 dancing weapons
  3 tengu warriors
  10 death yaks
  12 naga warriors
  A deep troll earth mage (Vaults:4)
  3 shock serpents
  10 naga sharpshooters
  3 soul eaters (D:15)
  Sonja (D:11)
  Urug (Orc:2)
  16 deep elf knights
  8 salamander mystics
  A skeletal warrior (D:14)
  5 goliath frogs
  3 iron trolls (Vaults:4)
  2 sea snakes (Snake:4)
  A storm dragon skeleton (D:15)
  6 spriggan druids
  10 swamp dragons
  46 deep trolls
  6 bog bodies
  A flayed ghost (Vaults:1)
  11 deep elf archers
  A skyshark (Lair:4)
  24 ironbound convokers
  7 naga ritualists
  A harpy (Vaults:3)
  4 necromancers
  3 wizards
  4 lindwurms
  29 deep elf zephyrmancers
  2 tengu zombies
  7 orc knights
  45 deep elf pyromancers
  9 mana vipers
  23 ugly things
  2 fire giant zombies (D:15)
  3 shining eyes (Slime:5)
  4 orc sorcerers
  A wolf spider (shapeshifter) (Vaults:4)
  6 cyclopes
  41 salamanders
  2 tengu skeletons
  6 manticores
  5 will-o-the-wisps
  22 elephants
  A salamander (shapeshifter) (Vaults:5)
  A guardian serpent (shapeshifter) (D:13)
  19 vault sentinels
  7 guardian serpents
  A frost giant skeleton (D:15)
  20 naga magi
  Joseph (D:9)
  31 black mambas
  Maurice (D:8)
  A fire giant skeleton (D:15)
  2 torpor snails
  An eye of devastation (Slime:5)
  2 stone giant skeletons
  4 centaur skeletons (D:14)
  10 cane toads
  A spriggan zombie (D:15)
  4 unseen horrors
  A gargoyle (D:13)
  A kobold demonologist (D:12)
  2 freezing wraiths
  2 yaktaur zombies
  12 yaktaurs
  3 rime drakes
  A tengu conjurer (D:13)
  A human skeleton (Vaults:4)
  15 komodo dragons
  A yaktaur skeleton (Vaults:1)
  Grinder (D:3)
  21 trolls
  12 hornets
  A queen bee (D:9)
  A raiju (shapeshifter) (Vaults:5)
  A wind drake (shapeshifter) (Elf:3)
  4 polar bears
  3 tyrant leeches
  16 blink frogs
  A snapping turtle (shapeshifter) (Elf:2)
  63 slime creatures
  A slime creature (shapeshifter) (Vaults:5)
  A water elemental (Elf:3)
  Sigmund (D:3)
  10 spriggans
  4 air elementals
  A yak (shapeshifter) (Elf:3)
  4 wyverns
  A wraith (D:13)
  A vampire (D:13)
  3 fire elementals
  61 yaks
  6 basilisks
  A redback (Vaults:3)
  A yaktaur simulacrum (Vaults:4)
  Menkaure (D:4)
  A human simulacrum (Vaults:1)
  52 nagas
  10 vampire mosquitoes
  Edmund (D:5)
  11 swamp worms
  A warg (Orc:1)
  2 acid dragons
  18 water moccasins
  Pargi (D:4)
  2 floating eyes
  A black bear (shapeshifter) (Vaults:1)
  14 orc warriors
  3 sky beasts
  5 swamp drakes
  3 black bears
  3 ice beasts
  10 centaurs
  24 ogres
  21 wolves
  6 boggarts (Vaults:3)
  A phantom (D:6)
  5 kobold brigands
  Blork the orc (D:5)
  2 human zombies
  3 gnoll sergeants
  18 bullfrogs
  2 scorpions
  4 earth elementals
  3 wights (D:6)
  32 killer bees
  7 howler monkeys
  A crimson imp (D:7)
  3 lava snakes (Snake:3)
  3 jellies
  3 iguanas
  17 orc priests
  6 hell rats (Lair:5)
  16 orc wizards
  22 gnolls
  11 adders
  2 shadow imps (D:7)
  2 ufetubi
  A worm (D:4)
  54 orcs
  8 bats
  8 endoplasms
  3 giant cockroaches
  7 hobgoblins
  5 jackals
  34 kobolds
  A quokka (D:3)
  8 ball pythons
  2 frilled lizards
  9 goblins
  4 rats
1630 creatures vanquished.

Vanquished Creatures (others)
  An ironbound frostheart (Vaults:3)
  A deep elf knight (Elf:3)
  A deep elf pyromancer (Elf:2)
  2 cyclopes (D:13)
  A salamander (Snake:3)
  A black mamba (Snake:2)
  2 trolls (D:13)
  2 bloated husks (Swamp:4)
  An air elemental (Elf:2)
  A vampire mosquito (D:13)
  A floating eye (Elf:2)
  A sky beast (D:7)
  An orc wizard (Orc:2)
  3 orcs
  10 briar patches
  3 bushes
  32 foxfires
  46 fungi
  45 plants
  3 starspawn tentacles (Swamp:1)
158 creatures vanquished.

Grand Total: 1788 creatures vanquished

Notes
Turn   | Place    | Note
-------+----------+-------------------------------------------
     0 | D:1      | GuildmasterMusic the Minotaur Fighter began the quest for
                  | the Orb.
     0 | D:1      | Reached XP level 1. HP: 19/19 MP: 0/0
   108 | D:1      | Found Gyrum Ydy's Weapon Shop.
   152 | D:1      | Found Exzetol's Weapon Emporium.
   204 | D:1      | Reached XP level 2. HP: 27/27 MP: 1/1
   825 | D:1      | Found Uredir's Assorted Antiques.
   833 | D:1      | Bought a scroll labelled WIROLI NILUIPH for 17 gold pieces
   833 | D:1      | Bought a scroll labelled XIPSOERACVE for 17 gold pieces
   833 | D:1      | Bought a scroll labelled EWAUTE HEAMATZ for 17 gold pieces
   910 | D:2      | You fall into a shaft and drop 2 floors!
   950 | D:3      | Reached XP level 3. HP: 20/33 MP: 2/2
   986 | D:3      | Noticed Grinder
  1001 | D:3      | Killed Grinder
  1002 | D:3      | Reached skill level 5 in Axes
  1002 | D:3      | Reached XP level 4. HP: 38/41 MP: 3/3
  1002 | D:3      | Reached XP level 5. HP: 44/47 MP: 4/4
  1033 | D:3      | Found a white marble altar of Elyvilon.
  1033 | D:3      | Found an ancient bone altar of Kikubaaqudgha.
  1159 | D:3      | Identified the +10 morningstar "Ogreslayer" {speed, rElec
                  | rN+ Str+2}
  1176 | D:3      | Reached XP level 6. HP: 53/55 MP: 5/5
  1192 | D:3      | Reached skill level 5 in Shields
  1264 | D:3      | Reached skill level 5 in Fighting
  1264 | D:3      | Reached skill level 5 in Armour
  2238 | D:3      | Found a sacrificial altar of Ru.
  2405 | D:3      | Noticed Sigmund
  2410 | D:3      | Killed Sigmund
  2411 | D:3      | Reached XP level 7. HP: 61/61 MP: 6/6
  2662 | D:4      | Found a staircase to the Ecumenical Temple.
  2677 | Temple   | Entered the Ecumenical Temple
  2740 | Temple   | Became a worshipper of Warmaster Okawaru
  3256 | D:4      | Noticed Menkaure
  3263 | D:4      | Killed Menkaure
  3264 | D:4      | Noticed Pargi
  3272 | D:4      | Killed Pargi
  3617 | D:5      | Entered Level 5 of the Dungeon
  3634 | D:5      | Reached * piety under Okawaru
  3683 | D:5      | Reached XP level 8. HP: 64/70 MP: 7/7
  3859 | D:5      | Noticed Edmund
  3868 | D:5      | Killed Edmund
  3921 | D:5      | Got the Cyclopedia of Sculpting and Putridity
  3982 | D:5      | Noticed Blork the orc
  3989 | D:5      | Killed Blork the orc
  4158 | D:5      | Found an ornate altar of the Wu Jian Council.
  4332 | D:6      | Identified a scroll of acquirement
  4332 | D:6      | Acquired a manual of Armour
  4467 | D:6      | Reached skill level 1 in Maces & Flails
  4476 | D:6      | Reached skill level 2 in Maces & Flails
  4658 | D:6      | Reached skill level 3 in Maces & Flails
  4761 | D:6      | Reached ** piety under Okawaru
  4831 | D:6      | Reached skill level 4 in Maces & Flails
  4860 | D:6      | Found a shadowy altar of Dithmenos.
  4883 | D:6      | Reached XP level 9. HP: 79/79 MP: 8/8
  5130 | D:7      | Reached skill level 5 in Maces & Flails
  5182 | D:7      | Noticed a troll
  5191 | D:7      | Killed a troll
  5205 | D:7      | Noticed a troll
  5205 | D:7      | Noticed a troll
  5210 | D:7      | Noticed a four-headed hydra
  5219 | D:7      | Killed a troll
  5219 | D:7      | Reached *** piety under Okawaru
  5220 | D:7      | Reached skill level 6 in Maces & Flails
  5223 | D:7      | Killed a troll
  5237 | D:7      | Killed a four-headed hydra
  5238 | D:7      | Reached skill level 7 in Maces & Flails
  5262 | D:7      | Found the +1 robe of Vines {NoPotionHeal Regen++++}
  5376 | D:7      | Reached skill level 10 in Armour
  5379 | D:7      | Reached **** piety under Okawaru
  5533 | D:7      | Reached XP level 10. HP: 90/90 MP: 9/9
  5802 | D:7      | Found a burning altar of Makhleb.
  5847 | D:7      | Reached skill level 8 in Maces & Flails
  6072 | D:8      | Found a staircase to the Lair.
  6184 | D:8      | Found a runed translucent gate.
  6185 | D:8      | Found a runed translucent gate.
  6185 | D:8      | Found a runed translucent gate.
  6185 | D:8      | Noticed a cyan ugly thing
  6186 | D:8      | Noticed a glowing orange brain
  6186 | D:8      | Noticed a cyan ugly thing
  6187 | D:8      | Noticed a purple ugly thing
  6263 | D:8      | Reached skill level 9 in Maces & Flails
  6311 | D:8      | Found a hazy altar of Hepliaklqana.
  6486 | D:8      | Found a radiant altar of Vehumet.
  6497 | D:8      | Noticed Maurice
  6516 | D:8      | Killed Maurice
  6516 | D:8      | Reached ***** piety under Okawaru
  6581 | D:9      | Noticed Joseph
  6602 | D:9      | Killed Joseph
  6650 | D:9      | Reached skill level 10 in Maces & Flails
  6787 | D:9      | Reached XP level 11. HP: 98/99 MP: 10/10
  6851 | D:9      | Reached skill level 10 in Fighting
  6851 | D:9      | Reached skill level 10 in Shields
  6962 | D:9      | Noticed a two-headed ogre
  6969 | D:9      | Killed a two-headed ogre
  7001 | D:9      | Reached ****** piety under Okawaru
  7035 | D:9      | Reached skill level 11 in Maces & Flails
  7172 | D:10     | Entered Level 10 of the Dungeon
  7184 | D:10     | Noticed a centaur warrior
  7190 | D:10     | Killed a centaur warrior
  7420 | D:10     | Identified the +1 pair of boots of Okawaru's Castigation
                  | {-Tele Regen+ rCorr Str+2} (Okawaru gifted it to you on
                  | level 10 of the Dungeon)
  7420 | D:10     | Received a gift from Okawaru
  7808 | Lair:1   | Entered Level 1 of the Lair of Beasts
  7883 | Lair:1   | Reached skill level 12 in Maces & Flails
  7889 | Lair:1   | Noticed a death yak
  7899 | Lair:1   | Noticed a death yak
  7914 | Lair:1   | Killed a death yak
  7922 | Lair:1   | Killed a death yak
  7933 | Lair:1   | Reached XP level 12. HP: 106/110 MP: 11/11
  7955 | Lair:1   | Received a gift from Okawaru
  8294 | Lair:1   | Reached skill level 13 in Maces & Flails
  8764 | Lair:2   | Found a staircase to the Snake Pit.
  8966 | Lair:2   | Noticed a seven-headed hydra
  8977 | Lair:2   | Killed a seven-headed hydra
  9089 | Lair:2   | Reached skill level 15 in Armour
  9147 | Lair:2   | Reached skill level 14 in Maces & Flails
  9150 | Lair:2   | Identified the +7 double sword "Dragonbane" {heavy, Fragile
                  | Str+4}
  9178 | Lair:2   | Identified the +0 pair of gloves of Tuitz {rPois rCorr
                  | Str+2} (Okawaru gifted it to you on level 2 of the Lair of
                  | Beasts)
  9178 | Lair:2   | Received a gift from Okawaru
  9295 | Lair:2   | Noticed a four-headed hydra
  9296 | Lair:2   | Noticed a death yak
  9299 | Lair:2   | Noticed a seven-headed hydra
  9300 | Lair:2   | Killed a four-headed hydra
  9306 | Lair:2   | Killed a death yak
  9310 | Lair:2   | Killed a seven-headed hydra
  9649 | Lair:2   | Identified the +1 leather armour of the Eagle {rN+}
  9758 | Lair:2   | Reached XP level 13. HP: 119/119 MP: 12/12
 10068 | Lair:3   | Found a staircase to the Swamp.
 10123 | Lair:3   | Reached skill level 15 in Maces & Flails
 10162 | Lair:3   | Identified the +3 pair of boots "Geawnuix" {rPois rCorr
                  | SInv} (Okawaru gifted it to you on level 3 of the Lair of
                  | Beasts)
 10162 | Lair:3   | Received a gift from Okawaru
 10887 | Lair:4   | Acquired the +6 great mace "Gihon" {heavy, Will+}
 10986 | Lair:4   | Found a staircase to the Slime Pits.
 10995 | Lair:4   | Reached skill level 16 in Maces & Flails
 11493 | Lair:5   | Entered Level 5 of the Lair of Beasts
 11579 | Lair:5   | Received a gift from Okawaru
 11811 | Lair:5   | Reached XP level 14. HP: 129/129 MP: 13/13
 12099 | Lair:5   | Reached skill level 17 in Maces & Flails
 12243 | Lair:5   | Identified the +12 broad axe "Coawocurch" {holy, *Corrode
                  | Will+ Dex+3}
 12791 | Swamp:1  | Entered Level 1 of the Swamp
 12850 | Swamp:1  | Noticed Louise
 12888 | Swamp:1  | Killed Louise
 12888 | Swamp:1  | Received a gift from Okawaru
 12888 | Swamp:1  | Found the +15 Maxwell's patent armour {-Cast -Tele rElec
                  | Will+ rCorr}
 13155 | Swamp:1  | Noticed Mlioglotl
 13157 | Swamp:1  | Noticed a hellephant
 13163 | Swamp:1  | Noticed a tentacled starspawn
 13179 | Swamp:1  | Noticed a green very ugly thing
 13241 | Lair:3   | Killed Mlioglotl
 13309 | Swamp:1  | Reached skill level 18 in Maces & Flails
 13326 | Swamp:1  | Identified the +2 pair of boots of Bashraig {rC++ rN+ Int-3
                  | SInv}
 13735 | Swamp:2  | Noticed Frances
 13750 | Swamp:2  | Killed Frances
 14100 | Swamp:2  | Identified the +9 plate armour of Midsummer {rF+ Dex+3
                  | SInv} (Okawaru gifted it to you on level 2 of the Swamp)
 14100 | Swamp:2  | Received a gift from Okawaru
 14108 | Swamp:2  | Reached XP level 15. HP: 106/139 MP: 14/14
 14353 | Swamp:3  | Noticed Roxanne
 14387 | Swamp:3  | Killed Roxanne
 14388 | Swamp:3  | Reached skill level 15 in Shields
 14554 | Swamp:3  | Noticed Mara
 14559 | Swamp:3  | Noticed GuildmasterMusic's illusion
 14576 | Swamp:3  | Killed Mara
 14577 | Swamp:3  | Reached skill level 15 in Fighting
 14577 | Swamp:3  | Reached skill level 19 in Maces & Flails
 14686 | Swamp:3  | Noticed Bai Suzhen
 14724 | Swamp:3  | Killed Bai Suzhen
 14806 | Swamp:3  | Noticed a thorn hunter
 14830 | Swamp:3  | Killed a thorn hunter
 15116 | Swamp:4  | Entered Level 4 of the Swamp
 15694 | Swamp:4  | Received a gift from Okawaru
 15712 | Swamp:4  | Noticed a thorn hunter
 15715 | Swamp:4  | Reached skill level 20 in Maces & Flails
 15740 | Swamp:4  | Killed a thorn hunter
 15797 | Swamp:4  | Identified the +1 pair of boots of Loduba {Dex+2} (Okawaru
                  | gifted it to you on level 4 of the Swamp)
 15797 | Swamp:4  | Received a gift from Okawaru
 15871 | Swamp:4  | Got a decaying rune of Zot
 15930 | Swamp:4  | Reached XP level 16. HP: 104/151 MP: 15/15
 16330 | D:11     | Noticed Sonja
 16338 | Abyss:1  | Cast into level 1 of the Abyss (Sonja)
 16349 | D:11     | Escaped the Abyss
 16361 | D:11     | Killed Sonja
 16790 | D:11     | Found a staircase to the Orcish Mines.
 17014 | Orc:1    | Entered Level 1 of the Orcish Mines
 17042 | Orc:1    | Noticed Fannar
 17050 | Orc:1    | Killed Fannar
 17056 | Orc:1    | Noticed Harold
 17065 | Orc:1    | Noticed Gastronok
 17074 | Orc:1    | Killed Harold
 17085 | Orc:1    | Killed Gastronok
 17355 | Orc:2    | Entered Level 2 of the Orcish Mines
 17367 | Orc:2    | Noticed Nessos
 17382 | Orc:2    | Killed Nessos
 17388 | Orc:2    | Found a staircase to the Elven Halls.
 17404 | Orc:2    | Found Vyol's Jewellery Shop.
 17473 | Orc:2    | Reached skill level 21 in Maces & Flails
 17513 | Orc:2    | Found Xiesunel's Jewellery Shoppe.
 17514 | Orc:2    | Found Daczaor's Magic Scroll Boutique.
 17525 | Orc:2    | Found Qaja's Antique Armour Shop.
 17534 | Orc:2    | Bought a scorched cloak for 199 gold pieces
 17534 | Orc:2    | Identified the +1 cloak "Fytikhlat" {Will+ Str+3} (You
                  | bought it in a shop on level 2 of the Orcish Mines)
 17661 | Orc:2    | Noticed Urug
 17683 | Orc:2    | Killed Urug
 17826 | Orc:2    | Identified the +2 scale mail of the Old World {Will+ Dex+3}
                  | (Okawaru gifted it to you on level 2 of the Orcish Mines)
 17826 | Orc:2    | Received a gift from Okawaru
 19091 | D:13     | Found a shimmering altar of Xom.
 20307 | D:14     | Found a gate to the Vaults.
 20421 | D:15     | Entered Level 15 of the Dungeon
 20492 | D:15     | Reached XP level 17. HP: 161/161 MP: 16/16
 20512 | D:15     | Identified the +3 shortbow of Luq Ocku {flame, rPois}
 20640 | D:15     | Found an ancient bone altar of Kikubaaqudgha.
 20681 | D:15     | Received a gift from Okawaru
 20741 | D:15     | Found a staircase to the Depths.
 20822 | D:15     | Reached skill level 22 in Maces & Flails
 21079 | D:15     | Found the +4 Cigotuvi's embrace {Corpsefed rMiasma Drain
                  | rN+}
 21437 | Snake:1  | Entered Level 1 of the Snake Pit
 21877 | Snake:1  | Acquired 1117 gold pieces
 22358 | Snake:2  | Identified the +1 ring mail "Qowiv" {Rampage}
 22388 | Snake:2  | Received a gift from Okawaru
 22406 | Snake:2  | Noticed Nikola
 22421 | Snake:2  | Killed Nikola
 22610 | Snake:2  | Noticed Asterion
 22628 | Snake:2  | Killed Asterion
 22842 | Snake:2  | Reached skill level 23 in Maces & Flails
 23575 | Snake:3  | Identified the ring of Wovaq {rC+ Will+}
 23874 | Snake:3  | Reached XP level 18. HP: 162/172 MP: 17/17
 23907 | Snake:3  | Identified the amulet of Knowledge {Spirit *Corrode rPois
                  | rC+++ Int-4}
 24440 | Snake:4  | Entered Level 4 of the Snake Pit
 24440 | Snake:4  | Found Effeogh's Weapon Boutique.
 24694 | Snake:4  | Identified the +5 ring mail of Parocu {rN+ Dex+2} (Okawaru
                  | gifted it to you on level 4 of the Snake Pit)
 24694 | Snake:4  | Received a gift from Okawaru
 24802 | Snake:4  | Reached skill level 24 in Maces & Flails
 24947 | Snake:4  | Got a serpentine rune of Zot
 24987 | Snake:4  | Identified the +7 chain mail "Qyatyit" {Dex+2 SInv Stlth-}
 24989 | Snake:4  | Noticed Aizul
 25001 | Snake:4  | Killed Aizul
 25126 | Snake:4  | Found Eklymuwk's Antique Weapon Emporium.
 25903 | Elf:1    | Entered Level 1 of the Elven Halls
 26307 | Elf:1    | Identified the +1 scale mail of the Accordion {rCorr Str-5
                  | Int+3 SInv}
 26332 | Elf:1    | Found Malanif's Magic Scroll Shop.
 26364 | Elf:1    | Bought a scroll of teleportation for 36 gold pieces
 26364 | Elf:1    | Bought a scroll of teleportation for 36 gold pieces
 26383 | Elf:1    | Received a gift from Okawaru
 26487 | Elf:1    | Reached XP level 19. HP: 182/182 MP: 18/18
 26762 | Elf:2    | Paralysed by an air elemental for 1 turns
 26801 | Elf:2    | Paralysed by a floating eye for 3 turns
 26817 | Elf:2    | Received a gift from Okawaru
 26821 | Elf:2    | Reached skill level 25 in Maces & Flails
 27139 | Elf:2    | Found a runed translucent gate.
 27139 | Elf:2    | Found a runed translucent gate.
 27139 | Elf:2    | Found a runed translucent gate.
 27247 | Elf:2    | Paralysed by an air elemental for 1 turns
 27813 | Elf:3    | Entered Level 3 of the Elven Halls
 27888 | Elf:3    | Acquired 786 gold pieces
 27920 | Elf:3    | Paralysed by an air elemental for 1 turns
 28193 | Elf:3    | Received a gift from Okawaru
 28358 | Elf:3    | Reached skill level 26 in Maces & Flails
 28419 | Elf:3    | Identified the +11 chain mail of the Bard {Harm rC- Int+7
                  | Dex+3}
 28462 | Elf:3    | Identified the +2 broad axe "Xatruj" {heavy, rPois Stlth+}
 28481 | Elf:3    | Got the Vellum of Percussion and Fog
 28516 | Elf:3    | Got the Directory of the Arctic Curse
 28550 | Elf:3    | Identified the amulet "Zairgh" {Reflect Dex+3 SH+5}
 29120 | Vaults:1 | Entered Level 1 of the Vaults
 29130 | Vaults:1 | Reached XP level 20. HP: 193/193 MP: 19/19
 29211 | Vaults:1 | Identified the +3 kite shield of Edehino {Harm} (Okawaru
                  | gifted it to you on level 1 of the Vaults)
 29211 | Vaults:1 | Received a gift from Okawaru
 29212 | Vaults:1 | Reached skill level 1 in Dodging
 29240 | Vaults:1 | Identified the ring "Moeggura" {+Blink rElec rPois Dex+6}
 29272 | Vaults:1 | Reached skill level 1 in Invocations
 29694 | Vaults:1 | Identified the +0 crystal plate armour of Hineorul {*Slow
                  | Str+5 Dex+3}
 30519 | Vaults:2 | Found a staircase to the Crypt.
 30769 | Vaults:2 | Identified the +0 chain mail of Demonic Salvation {Str+2}
                  | (Okawaru gifted it to you on level 2 of the Vaults)
 30769 | Vaults:2 | Received a gift from Okawaru
 31313 | Vaults:2 | Reached skill level 5 in Dodging
 31723 | Vaults:3 | Reached skill level 5 in Invocations
 32199 | Vaults:3 | Found Cid Zug's Armour Emporium.
 32420 | Vaults:3 | Reached XP level 21. HP: 204/204 MP: 24/24
 32721 | Vaults:3 | Found a runed translucent gate.
 32722 | Vaults:3 | Found a runed translucent gate.
 32722 | Vaults:3 | Found a runed translucent gate.
 32955 | Vaults:3 | Noticed Beavis's ghost (adept DsFE)
 32956 | Vaults:3 | Identified the +2 trident of Unpleasantness {speed, rPois}
 32971 | Vaults:3 | Killed Beavis's ghost
 32971 | Vaults:3 | Received a gift from Okawaru
 32983 | Vaults:3 | Identified the +0 hat of Inouffue {+Inv rPois rF+}
 32985 | Vaults:3 | Identified the +0 scale mail "Atube" {*Slow Will++ Slay+2}
 33312 | Vaults:4 | Reached skill level 1 in Throwing
 33538 | Vaults:4 | Found a transporter.
 33543 | Vaults:4 | Noticed an ancient lich
 33552 | Vaults:4 | Found a transporter.
 34079 | Vaults:4 | Identified the +9 mace of the Fool {heavy, Dex+6} (Okawaru
                  | gifted it to you on level 4 of the Vaults)
 34079 | Vaults:4 | Received a gift from Okawaru
 34226 | Vaults:4 | Identified the +7 long sword of Modesty {flame, rC+ Str+3
                  | Stlth-}
 34238 | Vaults:5 | Entered Level 5 of the Vaults
 34316 | Arena    | Entered the Arena
 34387 | Arena    | Entered the Arena
 34749 | Vaults:5 | Received a gift from Okawaru
 34771 | Vaults:5 | Identified the +2 scale mail of Furris {*Slow rElec rC++
                  | Int+2} (Okawaru gifted it to you on level 5 of the Vaults)
 34771 | Vaults:5 | Received a gift from Okawaru
 34959 | Vaults:5 | Reached XP level 22. HP: 207/215 MP: 27/27
 34976 | Vaults:5 | Reached skill level 5 in Throwing
 35147 | Vaults:5 | Noticed a golden dragon
 35156 | Vaults:5 | Killed a golden dragon
 35188 | Vaults:5 | Acquired 445 gold pieces
 35248 | Vaults:5 | Identified the ring "Jass" {rPois rCorr Int+2}
 35259 | Vaults:5 | Got a silver rune of Zot
 35398 | Vaults:5 | Identified the amulet "Nunaim" {Reflect rPois Str+2 SH+5}
 35399 | Vaults:5 | Noticed a golden dragon
 35405 | Vaults:5 | Killed a golden dragon
 36443 | Slime:1  | Entered Level 1 of the Pits of Slime
 36489 | Slime:2  | Noticed Dissolution
 36501 | Slime:2  | Paralysed by a floating eye for 4 turns
 36511 | Slime:2  | Killed Dissolution
 36511 | Slime:2  | Identified the +7 demon whip "Impslayer" {flame, Str+3
                  | Int-3 Dex+4} (Okawaru gifted it to you on level 2 of the
                  | Pits of Slime)
 36511 | Slime:2  | Received a gift from Okawaru
 36591 | Slime:5  | Entered Level 5 of the Pits of Slime
 36613 | Slime:5  | Gained mutation: You are robust. (+10% HP) [a shining eye]
 36626 | Slime:5  | Gained mutation: Potions are less effective at restoring
                  | your health. [a shining eye]
 36629 | Slime:5  | Gained mutation: Your magical capacity is low. (-10% MP) [a
                  | shining eye]
 36631 | Slime:5  | Gained mutation: You are weak. (Str -2) [a shining eye]
 36632 | Slime:5  | Paralysed by a floating eye for 4 turns
 36660 | Slime:5  | Noticed the Royal Jelly
 36684 | Slime:5  | Gained mutation: Armour fits poorly on your strangely
                  | shaped body. [a shining eye]
 36736 | Slime:5  | Killed the Royal Jelly
 36753 | Slime:5  | Mangled by a rockslime

Illustrated notes

Levels and vault maps discovered:
D:1:      minmay_arrival_wavy_path, layout_basic, serial_shops,
          nicolae_shop_hallway_stairs, shop_statue, shop, grunt_decor_junction
D:2:      layout_basic
D:3:      minmay_general_purpose_star, layout_loops_ring,
          gammafunk_temple_overflow_statue, lemuel_round_altar, uniq_sigmund,
          uniq_grinder
D:4:      layout_loops_ring, minmay_temple_entry_statues_fountains,
          uniq_menkaure, uniq_pargi
D:5:      layout_cave_pools, kennysheep_mini, serial_column_ruins,
          column_ruins_hut, column_ruins_hut_ruined, column_ruins_open_small,
          column_ruins_grid_3, column_ruins_corridor_straight,
          column_ruins_open_medium, column_ruins_grid_4,
          column_ruins_corridor_T, uniq_edmund, uniq_blork_the_orc
D:6:      layout_basic, kennysheep_mini_moat
D:7:      layout_loops_cross, makhleb_grotto_becter,
          hellmonk_guarded_unrand_vines
D:8:      layout_basic, vehumet_crystals, nicolae_hepliaklqana_hazy_memory,
          due_lair_maze_entry_diamond,
          ploomutoo_gammafunk_ghost_potion_laboratory, uniq_maurice
D:9:      layout_roguey [special_room_bee], kennysheep_generic_room_11,
          uniq_joseph
D:10:     layout_roguey, minmay_orc_keep
D:11:     layout_cave_pods, orc_0_dummy, uniq_sonja
D:12:     layout_irregular_city
D:13:     layout_rooms, xom_confusion_cloud
D:14:     layout_basic, hangedman_vaults_entry_quadrant_bands,
          hangedman_decor_opposing
D:15:     grunt_enter_depths_hoard, layout_irregular_city,
          nicolae_kikubaaqudgha_miasma_corner, hellmonk_guarded_unrand_cigotuvi
Temple:   eino_temple_water
Lair:1:   layout_small_grid, infiniplex_staircase_pool_2
Lair:2:   nzn_winding_woodlands_huge [nzn_winding_woodlands_5x15_parted,
          nzn_winding_woodlands_5x15_garden,
          nzn_winding_woodlands_5x15_longhouse,
          nzn_winding_woodlands_5x15_crooked,
          nzn_winding_woodlands_5x15_pathside_ponds,
          nzn_winding_woodlands_5x15_zeroes, nzn_winding_woodlands_5x15_pockets,
          nzn_winding_woodlands_5x15_sawtooth, nzn_winding_woodlands_5x15_twine,
          nzn_winding_woodlands_5x15_default,
          nzn_winding_woodlands_center_diamonds,
          nzn_winding_woodlands_center_lodge,
          nzn_winding_woodlands_15x15_thick_spiral], layout_regular_city,
          guppyfry_snake_entry_garden, minivault_24
Lair:3:   statuecave_lemuel, layout_cave_pods, swamp_mist_pool,
          grunt_megastairs_5
Lair:4:   layout_hall_layers, slime_entry_1
Lair:5:   evilmike_catoblepas_cave, layout_cave_pods, minivault_24,
          lemuel_fruit_fields, infiniplex_staircase_pool, serial_bayou_shore_b
Swamp:1:  layout_basic_swamp, hangedman_swamp_diagram,
          nicolae_swamp_stuck_in_the_mud, uniq_louise, uniq_mlioglotl
Swamp:2:  layout_falls_marsh, serial_swamp_ruin, evilmike_swamp_ruin_house_1,
          hangedman_swamp_ruin_hall, swamp_pool3, uniq_frances
Swamp:3:  layout_basic_swamp, evilmike_swamp_ruin_house_4,
          nicolae_swamp_tree_designs, uniq_bai_suzhen, uniq_mara, uniq_roxanne
Swamp:4:  swamp_basic_johnstein, layout_basic_swamp
Snake:1:  layout_misc_corridors
Snake:2:  layout_layer_cave, uniq_asterion, uniq_nikola
Snake:3:  layout_onion, nicolae_snake_salamander_zone, lemuel_fruit_tree
Snake:4:  johnstein_snake_rune_scales, layout_onion, serial_shops, shop_coins,
          nicolae_shop_hallway_stairs, serial_bayou_shore_a, uniq_aizul
Slime:1:  layout_caves, nicolae_slime_phagocytosis
Slime:2:  layout_caves, uniq_dissolution
Slime:3:  layout_caves
Slime:4:  layout_caves
Slime:5
Orc:1:    layout_caves, uniq_harold, uniq_gastronok, uniq_fannar
Orc:2:    st_orc_open, layout_caves, uniq_urug, uniq_nessos
Elf:1:    minmay_elf_arrival_circle, layout_loops_cross, serial_shops,
          shop_scrolls, hangedman_elven_crosses_minicolossus,
          nicolae_elf_v_pinch, grunt_ministairs_9
Elf:2:    elven_hall_of_blades_hangedman_original
          [nicolae_blade_entry_floor_patterns], layout_geoelf_diagonals,
          onia_ninara_cookie
Elf:3:    minmay_elf_hall_quartered_circle, layout_gridlike
Vaults:1: hangedman_vaults_trim, nicolae_vaults_little_squares_3,
          vaults_standard_mumra_enter_the_diamond, vaults_mumra_lcd,
          vaults_room_large_hall, hangedman_vaults_river_flow, vaults_dpeg_ring,
          v_rooms_3, nicolae_vaults_big_ls, nicolae_vaults_little_squares_6,
          nicolae_vaults_yaktaur_gun_rack, nicolae_vaults_diagonal_hallway_7,
          ontoclasm_vaults_echo, ontoclasm_vaults_idyll, ontoclasm_vaults_pinch,
          layout_vaults_omnicross
Vaults:2: hangedman_vaults_stream, grunt_vaults_hallway_short,
          hangedman_vaults_corner, v_misc_14, v_alt_pattern_1,
          nicolae_vaults_alarming, vaults_standard_mumra_enter_the_diamond,
          hangedman_vaults_slice, v_alt_pattern_4, layout_vaults_omnigrid,
          dummy_crypt_entry
Vaults:3: gammafunk_ghost_tricky_traps, vaults_dpeg_encased_lava,
          ontoclasm_vaults_misaligned, ontoclasm_vaults_decontamination,
          v_misc_4, vaults_room_hallway, vaults_room_fours,
          layout_vaults_chaotic_city, serial_shops, shop
Vaults:4: hangedman_vaults_restitches, v_alt_pattern_2, vaults_room_octagon,
          v_misc_12, vaults_mumra_hex, nicolae_vaults_disjoint_gnomons,
          ontoclasm_vaults_fault, v_alt_pattern_1, gammafunk_sealed_arena,
          nicolae_vaults_sealed_display, ontoclasm_vaults_twist, v_misc_8,
          ontoclasm_vaults_ring_small, layout_vaults_maze_bifur
Vaults:5

Skill      XL: |  1  2  3  4  5  6  7  8  9 10 11 12 13 14 15 16 17 18 19 20 21 22 |
---------------+-------------------------------------------------------------------+-----
Axes           | 3 5 6 7 8 |  8.0
Fighting       | 4 5 6 7 8 9 11 12 13 14 15 17 18 19 20 21 22 | 22.2
Armour         | 4 5 6 7 10 12 14 16 17 18 19 20 21 22 23 24 | 24.3
Shields        | 4 5 6 7 8 9 11 12 13 14 16 17 18 19 20 22 23 24 | 24.2
Maces & Flails | 4 7 10 12 14 16 18 20 21 23 24 26 | 26.0
Dodging        | 6 8 9 |  9.8
Invocations    | 5 8 9 |  9.1
Throwing       | 4 6 |  6.5

Action                     |  1- 3 |  4- 6 |  7- 9 | 10-12 | 13-15 | 16-18 | 19-21 | 22-24 || total
---------------------------+-------+-------+-------+-------+-------+-------+-------+-------++-------
  Melee: War axe           |    58 |    88 |       |       |       |       |       |       ||   146
         Headbutt          |     6 |    16 |    21 |    92 |   211 |   358 |   424 |   105 ||  1233
         Morningstar       |       |     5 |   161 |   557 |  1075 |  1498 |  1563 |   308 ||  5167
 Invoke: Heroism           |       |       |       |       |     2 |     2 |     3 |     1 ||     8
         Duel              |       |       |       |       |       |       |     2 |       ||     2
    Use: Scroll            |     2 |       |    19 |     6 |     3 |     4 |     8 |     2 ||    44
         Potion            |     1 |       |       |       |     5 |     4 |    25 |     4 ||    39
   Stab: Distracted        |       |       |       |     1 |       |       |       |       ||     1
 Armour: Scale mail        |    35 |    48 |       |       |       |       |       |       ||    83
         Chain mail        |       |       |    33 |       |       |       |       |       ||    33
         Plate armour      |       |       |    31 |   236 |   679 |   671 |   613 |    97 ||  2327
  Dodge: Dodged            |    24 |    53 |    47 |   186 |   454 |   511 |   304 |    54 ||  1633
  Block: Buckler           |    11 |    27 |    24 |       |       |       |       |       ||    62
         Kite shield       |       |       |    20 |   252 |   559 |   257 |       |       ||  1088
         Tower shield      |       |       |       |       |       |   945 |  1489 |   297 ||  2731
         Reflection        |       |       |       |       |       |       |    80 |     4 ||    84

Table legend: (Time is in decaauts)
 A = Elapsed time spent in this place.
 B = Non-inter-level travel time spent in this place.
 C = Inter-level travel time spent in this place.
 D = Time resting spent in this place.
 E = Time spent auto-exploring this place.
 F = Levels seen in this place.
 G = Mean time per level.
                   A        B        C        D        E       F      G
               +--------+--------+--------+--------+--------+-----+--------+
         Total |  34665 |  32265 |   2400 |   1164 |  21998 |  47 |  737.6 |
       Dungeon |  11457 |  10507 |    950 |    263 |   7945 |  15 |  763.8 |
        Temple |    237 |    237 |      0 |      0 |    192 |   1 |  237.0 |
          Lair |   5102 |   4556 |    546 |     89 |   3588 |   5 | 1020.4 |
         Swamp |   3247 |   3070 |    177 |    153 |   1890 |   4 |  811.8 |
     Snake Pit |   3962 |   3777 |    185 |    117 |   2550 |   4 |  990.5 |
    Slime Pits |    207 |    207 |      0 |      0 |      0 |   5 |   41.4 |
  Orcish Mines |   1185 |   1109 |     76 |      0 |    699 |   2 |  592.5 |
   Elven Halls |   2789 |   2592 |    197 |     90 |   1390 |   3 |  929.7 |
        Vaults |   6416 |   6150 |    266 |    440 |   3742 |   5 | 1283.2 |
         Abyss |     10 |     10 |      0 |      0 |      0 |   1 |   10.0 |
         Arena |     49 |     49 |      0 |     10 |      0 |   2 |   24.5 |
               +--------+--------+--------+--------+--------+-----+--------+

Top non-repeatable levels by time:
Vaults:4: 1391 daAuts
Vaults:3: 1388 daAuts
  Lair:2: 1385 daAuts
Vaults:1: 1259 daAuts
Vaults:5: 1233 daAuts
Vaults:2: 1144 daAuts
  Lair:5: 1143 daAuts
 Snake:2: 1070 daAuts
 Snake:4: 1066 daAuts
 Snake:3: 1036 daAuts
     D:3: 1028 daAuts
   Elf:2: 1021 daAuts
  Lair:1: 983 daAuts
   Elf:3: 978 daAuts
  Lair:3: 965 daAuts
